 Dungeon Crawl Stone Soup version 0.29.1-1-gd02db6906a (webtiles) character file.

Game seed: 839045640683995147

576 Hadkhar the Covered (level 7, -7/61 HPs)
             Began as a Meteoran Fighter on Sept 27, 2022.
             Killed by divine providence
             ... invoked by an orc priest
              (13 damage)
             ... on level 4 of the Dungeon.
             The game lasted 00:17:39 (2600 turns).

Hadkhar the Covered (Meteoran Fighter)              Turns: 2600, Time: 00:17:39

Health: -7/61      AC:  8    Str: 18    XL:     7   Next: 94%
Magic:  8/8        EV:  9    Int: 10    God:
Gold:   100        SH:  0    Dex: 15    Spells: 6/6 levels left

rFire   . . .      SeeInvis .   a - +4 great sword
rCold   . . .      Faith    .   (shield currently unavailable)
rNeg    . . .      Spirit   .   b - +0 scale mail
rPois   .          Reflect  .   (no helmet)
rElec   .          Harm     .   (no cloak)
rCorr   .          Rampage  .   (no gloves)
Will    .....                   j - +0 pair of boots
Stlth   ..........              (no amulet)
HPRegen 0.20/turn               (no ring)
MPRegen 0.11/turn               (no ring)

@: glowing
A: sense surroundings 1, otherworldly, glowing, explore regen
a: no special abilities


You were on level 4 of the Dungeon.
You visited 1 branch of the dungeon, and saw 5 of its levels.

You collected 100 gold pieces.

Inventory:

Hand Weapons
 a - a +4 great sword (weapon)
 d - a +0 longbow
 m - a +2 dagger of holy wrath
 o - a +0 scimitar
Missiles
 i - 9 poisoned darts (quivered)
Armour
 b - a +0 scale mail (worn)
 c - a +0 buckler
 j - a +0 pair of boots (worn)
Scrolls
 e - 4 scrolls of identify {unknown}
 f - 4 scrolls of blinking {unknown}
 l - a scroll of vulnerability {unknown}
 n - a scroll of torment {unknown}
 p - a scroll of amnesia {unknown}
Potions
 g - 3 potions of curing {unknown}
 h - a potion of invisibility {unknown}
 k - a potion of heal wounds {unknown}


   Skills:
 + Level 5.3 Fighting
 + Level 3.6 Long Blades
 - Level 3.6 Maces & Flails
 + Level 5.9 Armour
 - Level 5.7 Shields


You had 6 spell levels left.
You didn't know any spells.
Your spell library contained the following spells:

 Spells                   Type           Power      Damage    Failure   Level
 Ensorcelled Hibernation  Hex/Ice        0%         N/A       86%         2
 Passwall                 Tmut/Erth      0%         N/A       86%         2
 Swiftness                Air            0%         N/A       97%         3


Dungeon Overview and Level Annotations

Branches:
Dungeon (5/15) Zot: 521
 Temple: D:4-7

Altars:
Dithmenos
Gozag
Ru
The Shining One

Shops:
D:1 (

Annotations:
D:3 3 runed translucent doors, Exe's ghost, amateur DsBe


Innate Abilities, Weirdness & Mutations

You passively map a small area around you.
You are easily found by Zot.
You glow in the dark.
You regain HP and MP as you explore.


Message History

The orc shouts!
The orc hits you but does no damage.
You hit the orc.
The orc is lightly wounded.
The orc hits you but does no damage. x2
You hit the orc.
The orc is heavily wounded.
The orc hits you but does no damage.
The orc priest calls upon Beogh to heal the orc.
The orc's wounds heal themselves!
You closely miss the orc. The orc hits you with a +0 falchion.
The orc priest invokes the aid of Beogh against you.
Beogh smites you! The orc barely misses you.
You barely miss the orc. The orc hits you with a +0 falchion.
You barely miss the orc. The orc barely misses you.
You hit the orc.
The orc is heavily wounded.
The orc hits you with a +0 club.
You slash the orc!
You kill the orc!
The orc hits you with a +0 falchion.
You barely miss the orc. The orc hits you with a +0 falchion.
You hit the orc.
The orc is lightly wounded.
The orc priest miscasts a cantrip.
The orc hits you with a +0 falchion. x2
You closely miss the orc.
The orc is lightly wounded.
The orc hits you with a +0 falchion!
* * * LOW HITPOINT WARNING * * *
The orc barely misses you.
The orc priest calls down the wrath of Beogh upon you.
Beogh smites you!
* * * LOW HITPOINT WARNING * * *
The orc attacks as you move away! The orc barely misses you.
Items here: ))) [ †.
The orc attacks as you move away! The orc hits you but does no damage.
The orc priest mumbles some strange prayers to Beogh against you.
Beogh smites you!
You die...

...# , #.#.##.#.#.#
#### , * #..........# *
, * ###.#.##.### * *, *
#......<# * # * * *
#....#.## ## , , ,
####...##.# * .###*** *
* #..o......# ...###
####)##.###### _
##...###### #.@o.##)# *
,,
###.##...#####.#####o#,
* #.##.#.......# *..# ,
* *, ####.##.#..######
..., , , ...)..#.#..#
#..⌠ , *, ####).#.#.##
#..8 <..))....># #....
* #.#.#.#.### ,
..#.#.#.#


You could see an orc priest and an orc.

Vanquished Creatures
  Sigmund (D:2)
  5 wights (D:4)
  A jelly (D:3)
  4 adders
  3 worms
  2 dart slugs (D:3)
  7 orcs
  3 bats (D:1)
  2 endoplasms
  4 giant cockroaches
  10 goblins
  8 hobgoblins
  10 jackals
  A quokka (D:3)
  6 ball pythons
  3 frilled lizards
  9 kobolds
  2 rats (D:2)
81 creatures vanquished.

Notes
Turn   | Place    | Note
-------+----------+-------------------------------------------
     0 | D:1      | Hadkhar the Meteoran Fighter began the quest for the Orb.
     0 | D:1      | Reached XP level 1. HP: 19/19 MP: 2/2
    44 | D:1      | Reached XP level 2. HP: 26/26 MP: 3/3
   417 | D:1      | Found Tutos's Weapon Boutique.
   436 | D:1      | Reached XP level 3. HP: 30/31 MP: 4/4
   481 | D:1      | Glimpsed the power of Zot.
   529 | D:1      | Glimpsed the power of Zot.
   569 | D:1      | Glimpsed the power of Zot.
   579 | D:1      | Touched by the power of Zot.
   596 | D:2      | Found a faded altar of an unknown god.
   717 | D:2      | Reached XP level 4. HP: 28/28 MP: 5/5
   731 | D:2      | Noticed Sigmund
   740 | D:2      | Killed Sigmund
   741 | D:2      | Reached XP level 5. HP: 23/47 MP: 6/6
   741 | D:2      | Reached XP level 6. HP: 26/53 MP: 7/7
  1058 | D:2      | Reached skill level 5 in Armour
  1237 | D:3      | Found a sacrificial altar of Ru.
  1247 | D:3      | Reached skill level 5 in Shields
  1355 | D:3      | Found a shadowy altar of Dithmenos.
  1443 | D:3      | Found a glowing golden altar of the Shining One.
  1511 | D:3      | Found a runed translucent gate.
  1513 | D:3      | Found a runed translucent gate.
  1514 | D:3      | Found a runed translucent gate.
  1515 | D:3      | Found an opulent altar of Gozag.
  1516 | D:3      | Noticed Exe's ghost (amateur DsBe)
  1850 | D:3      | Glimpsed the power of Zot.
  1897 | D:3      | Glimpsed the power of Zot.
  2000 | D:4      | Reached XP level 7. HP: 6/59 MP: 8/8
  2006 | D:4      | HP: 3/60 [kobold/+0 short sword (2)]
  2318 | D:5      | Entered Level 5 of the Dungeon
  2355 | D:4      | Reached skill level 5 in Fighting
  2600 | D:4      | Killed from afar by an orc priest

Illustrated notes

Levels and vault maps discovered:
D:1:      dpeg_arrival_central, layout_basic, serial_shops,
          nicolae_shop_behind_doors, st_stairs_13, hangedman_glass_teeth,
          minivault_11, minmay_split_cup_small
D:2:      minmay_evil_eye, layout_basic, serial_shops, shop,
          shapermc_ecumenical_altar_venn, minmay_crystal_water,
          minmay_surrounded, uniq_sigmund
D:3:      layout_loops_corners, nicolae_dithmenos_the_darkroom, tso_metal_star,
          nicolae_ru_great_annihilating_truth, ebering_ghost_gozag,
          grunt_decor_resistance
D:4:      layout_basic, mainiacjoe_overflow_alcove_2,
          minmay_temple_entry_drinking_statues
D:5:      layout_basic, uniq_eustachio

Skill      XL: |  1  2  3  4  5  6  7 |
---------------+----------------------+-----
Maces & Flails | 3 |  3.6
Armour         | 4 5 |  5.9
Shields        | 4 5 |  5.7
Fighting       | 4 5 |  5.3
Long Blades    | 2 3 |  3.6

Action                   |  1- 3 |  4- 6 |  7- 9 || total
-------------------------+-------+-------+-------++-------
Melee: Flail             |    91 |    95 |       ||   186
       Dagger            |       |     5 |    11 ||    16
       Great sword       |       |       |    37 ||    37
       Scimitar          |       |       |    19 ||    19
  Use: Potion            |       |     1 |       ||     1
 Stab: Paralysed         |       |     1 |       ||     1
Armor: Scale mail        |    87 |    57 |    29 ||   173
Dodge: Dodged            |    68 |    31 |    20 ||   119
Block: Buckler           |    33 |    29 |     6 ||    68
